Islanders vs Avalanche

Created - Tuesday, May 25, 2021 at 22:16

Goals
1 2 3 T
Islanders 3 1 2 6
Avalanche 0 1 2 3
Shots
1 2 3 T
Islanders 11 18 10 39
Avalanche 26 10 14 50

1st period

1. Islanders , Nikita Kucherov 8 (Travis Konecny 8, Aleksander Barkov 14) at 0:15
2. Islanders , Scott Mayfield 4 (Nikita Kucherov 10, Travis Konecny 9) at 11:30
3. Islanders , Matthew Tkachuk 6 (Patrick Kane 5, Charlie McAvoy 8) at 12:15

Penalties :
Charlie McAvoy (NYI) for Hooking (Minor) at 12:37

2nd period

4. Avalanche , Mikko Rantanen 6 (Zach Parise 5, Nathan MacKinnon 10) at 5:15
5. Islanders , Matthew Tkachuk 7 (Ryan Pulock 9) at 8:37

Penalties :
Jacob Trouba (COL) for Interference (Minor) at 9:22

3rd period

6. Avalanche , Mikko Rantanen 7 (Zach Parise 6) at 8:07
7. Islanders , Patrick Kane 7 (Tyler Bozak 8) at 8:44
8. Avalanche , Cam Atkinson 8 (Jacob Trouba 8, Evgenii Dadonov 6) at 15:53
9. Islanders , Kyle Connor 10 (Ryan Pulock 10, Rickard Rakell 11) at 17:55

Penalties :
Charlie McAvoy (NYI) for Hooking (Minor) at 3:45, Ryan Pulock (NYI) for High sticking (Minor) at 11:14

Goalie Stats

Andrei Vasilevskiy (NYI), 47 saves from 50 shots - (0.940), W, 12-3-1, 60:00 minutes
Philipp Grubauer (COL), 33 saves from 39 shots - (0.846), L, 7-3-0, 60:00 minutes

Players Stats for Islanders

Player Name              G  A  P  +/- PIM S  H  SB GA TA FO     MP     PP MP  PK MP  
------------------------------------------------------------------------------------
Aleksander Barkov        0  1  1   2  0   2  0  0  0  0  19/32  18:08   1:23   0:02 
Charlie McAvoy           0  1  1   2  4   1  6  2  0  0  0/0    21:14   0:50   0:50 
Conor Garland            0  0  0  -1  0   0  0  0  0  0  0/0     8:04   0:00   3:18 
Jay Bouwmeester          0  0  0   1  0   1  2  2  0  0  0/0    23:21   0:00   3:45 
Jordie Benn              0  0  0   0  0   1  1  0  0  0  0/0    13:09   0:00   0:17 
Kyle Connor              1  0  1   0  0   3  0  0  0  0  0/1    15:37   0:50   0:00 
Matthew Tkachuk          2  0  2   2  0   3  3  0  0  0  0/0    16:24   0:36   0:00 
Mike Matheson            0  0  0   0  0   0  0  0  0  0  0/0    13:34   0:00   1:25 
Nikita Gusev             0  0  0  -1  0   1  0  0  0  0  0/0     7:25   0:00   2:39 
Nikita Kucherov          1  1  2   2  0   7  3  0  0  0  0/0    18:06   1:23   0:00 
Nikolaj Ehlers           0  0  0   0  0   2  1  0  0  0  0/3    15:56   1:09   0:00 
Patrick Kane             1  1  2   2  0   6  1  0  0  0  0/1    16:24   0:36   0:00 
Pavel Zacha              0  0  0  -1  0   0  0  0  0  0  6/14    8:04   0:00   3:18 
Rickard Rakell           0  1  1   0  0   4  0  0  0  0  11/25  17:33   0:00   2:46 
Ryan Pulock              0  2  2   2  2   2  1  2  0  0  0/0    24:10   1:09   2:43 
Scott Mayfield           1  0  1   1  0   1  6  3  0  0  0/0    22:21   0:00   2:45 
Travis Konecny           0  2  2   2  0   4  2  0  0  0  0/2    18:06   1:23   0:00 
Tyler Bozak              0  1  1   2  0   1  1  1  0  0  15/28  16:24   0:36   0:00 

Players Stats for Avalanche

Player Name              G  A  P  +/- PIM S  H  SB GA TA FO     MP     PP MP  PK MP  
------------------------------------------------------------------------------------
Alex Iafallo             0  0  0   0  0   2  1  0  0  0  0/1     8:38   0:00   0:35 
Alexander Radulov        0  0  0  -1  0   6  2  0  0  0  0/1    21:33   2:44   0:00 
Andy Greene              0  0  0  -1  0   1  0  1  0  0  0/0    17:05   0:50   0:59 
Cam Atkinson             1  0  1   1  0   6  1  0  0  0  2/2    18:56   1:46   0:26 
Derek Grant              0  0  0   0  0   0  0  0  0  0  7/11    9:59   0:46   1:10 
Dustin Brown             0  0  0  -1  0   3  3  0  0  0  0/0    13:34   0:50   1:12 
Erik Karlsson            0  0  0  -1  0   0  1  0  0  0  0/0    18:41   3:13   0:12 
Evgenii Dadonov          0  1  1   1  0   7  1  0  0  0  0/1    18:30   1:46   0:00 
Jacob Trouba             0  1  1  -2  2   0  3  0  0  0  0/0    20:11   0:00   0:00 
Jason Demers             0  0  0   0  0   0  3  0  0  0  0/0    17:36   0:00   1:00 
Mikko Rantanen           2  0  2  -3  0   8  2  0  0  0  0/1    19:29   3:21   0:00 
Nathan MacKinnon         0  1  1  -3  0   3  0  0  0  0  16/34  19:29   3:21   0:00 
Oscar Klefbom            0  0  0  -2  0   3  1  2  0  0  0/0    22:53   1:54   0:47 
Pierre-Edouard Bellemare 0  0  0   0  0   0  0  0  0  0  0/1     1:25   0:50   0:35 
Roope Hintz              0  0  0  -1  0   2  1  0  0  0  14/23  13:45   2:36   0:00 
Sebastian Aho            0  0  0   1  0   4  1  0  0  0  15/29  19:19   2:35   0:00 
Vladislav Gavrikov       0  0  0   0  0   1  0  1  0  0  0/0    17:36   0:00   1:00 
Zach Parise              0  2  2  -3  0   4  1  0  0  0  1/2    19:21   3:13   0:00 

3 Stars

1 - Matthew Tkachuk (NYI)
2 - Nikita Kucherov (NYI)
3 - Scott Mayfield (NYI)

Power Play

Islanders - 0 on 1 Attempt(s) - 0.00%
Avalanche - 0 on 3 Attempt(s) - 0.00%

Penalty Kill

Islanders - 3 on 3 Attempt(s) - 100.00% - Score 0 goal in Penalty Kill
Avalanche - 1 on 1 Attempt(s) - 100.00% - Score 0 goal in Penalty Kill

Team Stat

Islanders - Hits : 27 - Faceoff Wins : 51 - Blocked Shots : 10 - Penalty Minutes : 6
Avalanche - Hits : 21 - Faceoff Wins : 55 - Blocked Shots : 4 - Penalty Minutes : 2

Official

Referees : Kelly Sutherland and Brian Pochmara
Linesman : Bryan Pancich and Steve Barton

Game Notes

No Game Note

Finance

Level 1 -- Attendance: 6000 (100.00%) -- Ticket Income $780,000
Level 2 -- Attendance: 5000 (100.00%) -- Ticket Income $225,000
Level 3 -- Attendance: 2000 (100.00%) -- Ticket Income $80,000
Level 4 -- Attendance: 4000 (100.00%) -- Ticket Income $140,000
Luxury Box -- Attendance: 1000 (100.00%) -- Ticket Income $100,000
Game was played at the Pepsi Center.
Total Attendance: 18000 (100.00%)
Total Ticket Income: $1,325,000
Other Income: $649,250
Total Income: $1,974,250

Islanders

5 vs 5 Forward 
   Center                   Left Wing                Right Wing               Time % Phy DF OF 
 1 Aleksander Barkov        Travis Konecny           Nikita Kucherov          33     0   2  3  
 2 Tyler Bozak              Matthew Tkachuk          Patrick Kane             32     0   2  3  
 3 Rickard Rakell           Kyle Connor              Nikolaj Ehlers           30     0   2  3  
 4 Pavel Zacha              Conor Garland            Nikita Gusev             5      0   2  3  

5 vs 5 Defense 
   Defense                  Defense                                           Time % Phy DF OF 
 1 Charlie McAvoy           Ryan Pulock                                       38     0   2  3  
 2 Scott Mayfield           Jay Bouwmeester                                   38     0   2  3  
 3 Mike Matheson            Jordie Benn                                       24     0   3  2  
 4 Charlie McAvoy           Ryan Pulock                                       0      1   2  2  

PowerPlay Forward 
   Center                   Left Wing                Right Wing               Time % Phy DF OF 
 1 Aleksander Barkov        Travis Konecny           Nikita Kucherov          50     0   0  5  
 2 Tyler Bozak              Matthew Tkachuk          Patrick Kane             50     0   0  5  

PowerPlay Defense
   Defense                  Defense                                           Time % Phy DF OF 
 1 Kyle Connor              Charlie McAvoy                                    50     0   0  5  
 2 Nikolaj Ehlers           Ryan Pulock                                       50     0   0  5  

Penalty Kill 4 Players Forward 
   Center                   Wing                     Time % Phy DF OF 
 1 Rickard Rakell           Nikita Gusev             50     1   4  0  
 2 Pavel Zacha              Conor Garland            50     1   4  0  

Penalty Kill 4 Players Defense
   Defense                  Defense                  Time % Phy DF OF 
 1 Charlie McAvoy           Ryan Pulock              50     1   4  0  
 2 Scott Mayfield           Jay Bouwmeester          50     1   4  0  

Penalty Kill - 3 Players Forward 
   Forward                                           Time % Phy DF OF 
 1 Pavel Zacha                                       50     1   4  0  
 2 Rickard Rakell                                    50     1   4  0  

Penalty Kill - 3 Players Defense
   Defense                  Defense                  Time % Phy DF OF 
 1 Charlie McAvoy           Ryan Pulock              50     1   4  0  
 2 Scott Mayfield           Jay Bouwmeester          50     1   4  0  

4 vs 4 Forward 
   Center                   Wing                     Time % Phy DF OF 
 1 Aleksander Barkov        Patrick Kane             50     0   2  3  
 2 Tyler Bozak              Nikita Kucherov          50     0   2  3  

4 vs 4 Defense
   Defense                  Defense                  Time % Phy DF OF 
 1 Charlie McAvoy           Ryan Pulock              50     0   2  3  
 2 Scott Mayfield           Mike Matheson            50     0   2  3  

Last Minutes Offensive
   Center                   Left Wing                Right Wing               Defense                  Defense                  
   Aleksander Barkov        Travis Konecny           Patrick Kane             Charlie McAvoy           Ryan Pulock              

Last Minutes Defensive
   Center                   Left Wing                Right Wing               Defense                  Defense                  
   Aleksander Barkov        Pavel Zacha              Tyler Bozak              Scott Mayfield           Jay Bouwmeester          

Goaltenders
Starting : Andrei Vasilevskiy       
Backup : Curtis McElhinney        

Extra Forwards
Normal : Kyle Connor, Matthew Tkachuk, Nikolaj Ehlers - PP : Rickard Rakell, Pavel Zacha - PK : Pavel Zacha
Extra Defensemen
Normal : Jordie Benn, Jay Bouwmeester, Scott Mayfield - PP : Jordie Benn - PK : Jay Bouwmeester, Scott Mayfield
Penalty Shots
Patrick Kane, Aleksander Barkov, Nikita Kucherov, Kyle Connor, Matthew Tkachuk
Custom OT Lines Forwards
Patrick Kane, Aleksander Barkov, Nikita Kucherov, Kyle Connor, Matthew Tkachuk, Nikolaj Ehlers, Rickard Rakell, Pavel Zacha, Tyler Bozak, Conor Garland
Custom OT Lines Defensemen
Charlie McAvoy, Ryan Pulock, Scott Mayfield, Jordie Benn, Jay Bouwmeester

Scratches
Erik Gustafsson (Healthy), Jarred Tinordi (Healthy), Jason Dickinson (Healthy)

Avalanche

5 vs 5 Forward 
   Center                   Left Wing                Right Wing               Time % Phy DF OF 
 1 Nathan MacKinnon         Zach Parise              Mikko Rantanen           30     0   2  3  
 2 Sebastian Aho            Evgenii Dadonov          Cam Atkinson             30     0   2  3  
 3 Roope Hintz              Dustin Brown             Alexander Radulov        25     0   2  3  
 4 Derek Grant              Alex Iafallo             Alexander Radulov        15     0   2  3  

5 vs 5 Defense 
   Defense                  Defense                                           Time % Phy DF OF 
 1 Oscar Klefbom            Jacob Trouba                                      30     1   3  1  
 2 Erik Karlsson            Andy Greene                                       30     1   3  1  
 3 Vladislav Gavrikov       Jason Demers                                      30     1   3  1  
 4 Oscar Klefbom            Jacob Trouba                                      10     1   3  1  

PowerPlay Forward 
   Center                   Left Wing                Right Wing               Time % Phy DF OF 
 1 Nathan MacKinnon         Sebastian Aho            Mikko Rantanen           70     0   0  5  
 2 Roope Hintz              Evgenii Dadonov          Cam Atkinson             30     0   0  5  

PowerPlay Defense
   Defense                  Defense                                           Time % Phy DF OF 
 1 Zach Parise              Erik Karlsson                                     60     0   0  5  
 2 Alexander Radulov        Oscar Klefbom                                     40     0   0  5  

Penalty Kill 4 Players Forward 
   Center                   Wing                     Time % Phy DF OF 
 1 Derek Grant              Dustin Brown             60     1   4  0  
 2 Pierre-Edouard Bellemare Alex Iafallo             40     1   4  0  

Penalty Kill 4 Players Defense
   Defense                  Defense                  Time % Phy DF OF 
 1 Jacob Trouba             Andy Greene              60     1   4  0  
 2 Jason Demers             Vladislav Gavrikov       40     1   4  0  

Penalty Kill - 3 Players Forward 
   Forward                                           Time % Phy DF OF 
 1 Derek Grant                                       60     0   5  0  
 2 Pierre-Edouard Bellemare                          40     0   5  0  

Penalty Kill - 3 Players Defense
   Defense                  Defense                  Time % Phy DF OF 
 1 Jacob Trouba             Andy Greene              60     0   5  0  
 2 Jason Demers             Vladislav Gavrikov       40     0   5  0  

4 vs 4 Forward 
   Center                   Wing                     Time % Phy DF OF 
 1 Nathan MacKinnon         Mikko Rantanen           60     0   2  3  
 2 Sebastian Aho            Evgenii Dadonov          40     0   2  3  

4 vs 4 Defense
   Defense                  Defense                  Time % Phy DF OF 
 1 Oscar Klefbom            Jacob Trouba             60     1   3  1  
 2 Andy Greene              Erik Karlsson            40     1   3  1  

Last Minutes Offensive
   Center                   Left Wing                Right Wing               Defense                  Defense                  
   Nathan MacKinnon         Sebastian Aho            Mikko Rantanen           Erik Karlsson            Oscar Klefbom            

Last Minutes Defensive
   Center                   Left Wing                Right Wing               Defense                  Defense                  
   Nathan MacKinnon         Sebastian Aho            Mikko Rantanen           Erik Karlsson            Oscar Klefbom            

Goaltenders
Starting : Philipp Grubauer         
Backup : Pavel Francouz           

Extra Forwards
Normal : Sebastian Aho, Dustin Brown, Zach Parise - PP : Dustin Brown, Cam Atkinson - PK : Cam Atkinson
Extra Defensemen
Normal : Erik Karlsson, Oscar Klefbom, Jacob Trouba - PP : Jacob Trouba - PK : Oscar Klefbom, Erik Karlsson
Penalty Shots
Alexander Radulov, Mikko Rantanen, Nathan MacKinnon, Cam Atkinson, Zach Parise
Custom OT Lines Forwards
Nathan MacKinnon, Mikko Rantanen, Sebastian Aho, Evgenii Dadonov, Roope Hintz, Zach Parise, Alex Iafallo, Cam Atkinson, Pierre-Edouard Bellemare, Alexander Radulov
Custom OT Lines Defensemen
Oscar Klefbom, Erik Karlsson, Jacob Trouba, Andy Greene, Vladislav Gavrikov

Scratches
Roman Polak (Healthy), Brock McGinn (Healthy), Valeri Nichushkin (Healthy)

% Time on Ice - Islanders

Lines # - Real PCT - Wanted PCT - Time Play
Normal Forward
1 - 32% - 33% - 16:43
2 - 30% - 32% - 15:48
3 - 28% - 30% - 14:47
4 - 9% - 5% - 4:46
Normal Defense
1 - 39% - 38% - 20:19
2 - 38% - 38% - 19:36
3 - 23% - 24% - 12:09
4 - 0% - 0% - 0:00
PP Forward
1 - 70% - 50% - 1:23
2 - 30% - 50% - 0:36
PP Defense
1 - 42% - 50% - 0:50
2 - 58% - 50% - 1:09
PK Forward
1 - 45% - 50% - 2:39
2 - 55% - 50% - 3:18
PK Defense
1 - 75% - 50% - 4:28
2 - 25% - 50% - 1:29
PK3 Forward
1 - 0% - 50%
2 - 0% - 50%
PK3 Defense
1 - 0% - 50%
2 - 0% - 50%
44 Forward
1 - 0% - 50%
2 - 0% - 50%
44 Defense
1 - 0% - 50%
2 - 0% - 50%
Last Minute Offensive  - 0:00
Last Minute Defensive  - 0:00
Total
Forward - 60:00
Defense - 60:00

% Time on Ice - Avalanche

Lines # - Real PCT - Wanted PCT - Time Play
Normal Forward
1 - 31% - 30% - 16:08
2 - 32% - 30% - 16:44
3 - 21% - 25% - 11:09
4 - 15% - 15% - 8:03
Normal Defense
1 - 31% - 30% - 15:54
2 - 29% - 30% - 15:16
3 - 32% - 30% - 16:36
4 - 8% - 10% - 4:18
PP Forward
1 - 56% - 70% - 3:21
2 - 44% - 30% - 2:36
PP Defense
1 - 54% - 60% - 3:13
2 - 46% - 40% - 2:44
PK Forward
1 - 71% - 60% - 1:24
2 - 29% - 40% - 0:35
PK Defense
1 - 50% - 60% - 0:59
2 - 50% - 40% - 1:00
PK3 Forward
1 - 0% - 60%
2 - 0% - 40%
PK3 Defense
1 - 0% - 60%
2 - 0% - 40%
44 Forward
1 - 0% - 60%
2 - 0% - 40%
44 Defense
1 - 0% - 60%
2 - 0% - 40%
Last Minute Offensive  - 0:00
Last Minute Defensive  - 0:00
Total
Forward - 60:00
Defense - 60:00

Play-by-Play

1st period


0:01 of 1st period - Nathan MacKinnon wins face-off versus Aleksander Barkov in neutral zone.
0:15 of 1st period - Shot by Nikita Kucherov.
0:15 of 1st period - Goal by Nikita Kucherov - Islanders : 1 - Avalanche : 0.
0:16 of 1st period - Sebastian Aho wins face-off versus Tyler Bozak in neutral zone.
0:23 of 1st period - Shot by Sebastian Aho.
0:23 of 1st period - Deflect By Evgenii Dadonov.
0:23 of 1st period - Stopped by Andrei Vasilevskiy with a rebound.
0:25 of 1st period - Shot by Sebastian Aho.
0:25 of 1st period - Stopped by Andrei Vasilevskiy without a rebound.
0:26 of 1st period - Rickard Rakell wins face-off versus Roope Hintz in Islanders zone.
0:26 of 1st period - Rickard Rakell is hit by Dustin Brown.
0:38 of 1st period - Shot by Rickard Rakell.
0:38 of 1st period - Stopped by Philipp Grubauer without a rebound.
0:39 of 1st period - Sebastian Aho wins face-off versus Tyler Bozak in Avalanche zone.
0:39 of 1st period - Sebastian Aho is hit by Matthew Tkachuk.
0:44 of 1st period - Evgenii Dadonov is hit by Jay Bouwmeester.
1:07 of 1st period - Shot by Evgenii Dadonov.
1:07 of 1st period - Stopped by Andrei Vasilevskiy without a rebound.
1:08 of 1st period - Derek Grant wins face-off versus Rickard Rakell in Islanders zone.
1:12 of 1st period - Shot by Derek Grant.
1:12 of 1st period - Shot Blocked by Charlie McAvoy.
1:14 of 1st period - Shot by Andy Greene.
1:14 of 1st period - Stopped by Andrei Vasilevskiy without a rebound.
1:15 of 1st period - Aleksander Barkov wins face-off versus Nathan MacKinnon in Islanders zone.
1:22 of 1st period - Shot by Nikita Kucherov.
1:22 of 1st period - Shot Misses the Net.
1:24 of 1st period - Shot by Ryan Pulock.
1:24 of 1st period - Stopped by Philipp Grubauer without a rebound.
1:25 of 1st period - Rickard Rakell wins face-off versus Roope Hintz in Avalanche zone.
1:25 of 1st period - Mike Matheson is hit by Oscar Klefbom and loses puck.
1:33 of 1st period - Rickard Rakell is hit by Jacob Trouba and loses puck.
1:53 of 1st period - Off-side.
1:54 of 1st period - Nathan MacKinnon wins face-off versus Aleksander Barkov in neutral zone.
1:54 of 1st period - Nathan MacKinnon is hit by Travis Konecny.
2:27 of 1st period - Icing by Ryan Pulock.
2:28 of 1st period - Derek Grant wins face-off versus Aleksander Barkov in Islanders zone.
2:59 of 1st period - Shot by Alex Iafallo.
2:59 of 1st period - Stopped by Andrei Vasilevskiy without a rebound.
3:00 of 1st period - Sebastian Aho wins face-off versus Pavel Zacha in Islanders zone.
3:00 of 1st period - Sebastian Aho is hit by Jay Bouwmeester.
3:07 of 1st period - Off-side.
3:08 of 1st period - Tyler Bozak wins face-off versus Sebastian Aho in neutral zone.
3:10 of 1st period - Off-side.
3:11 of 1st period - Tyler Bozak wins face-off versus Sebastian Aho in neutral zone.
3:16 of 1st period - Shot by Patrick Kane.
3:16 of 1st period - Stopped by Philipp Grubauer without a rebound.
3:17 of 1st period - Roope Hintz wins face-off versus Rickard Rakell in Avalanche zone.
3:37 of 1st period - Icing by Scott Mayfield.
3:38 of 1st period - Sebastian Aho wins face-off versus Rickard Rakell in Islanders zone.
3:58 of 1st period - Off-side.
3:59 of 1st period - Nathan MacKinnon wins face-off versus Tyler Bozak in neutral zone.
4:25 of 1st period - Shot by Jacob Trouba.
4:25 of 1st period - Shot Blocked by Tyler Bozak.
4:27 of 1st period - Shot by Mikko Rantanen.
4:27 of 1st period - Shot Misses the Net.
4:31 of 1st period - Shot by Mikko Rantanen.
4:31 of 1st period - Stopped by Andrei Vasilevskiy with a rebound.
5:05 of 1st period - Shot by Cam Atkinson.
5:05 of 1st period - Stopped by Andrei Vasilevskiy without a rebound.
5:06 of 1st period - Roope Hintz wins face-off versus Pavel Zacha in Islanders zone.
5:07 of 1st period - Shot by Dustin Brown.
5:07 of 1st period - Stopped by Andrei Vasilevskiy with a rebound.
5:09 of 1st period - Shot by Vladislav Gavrikov.
5:09 of 1st period - Shot Blocked by Scott Mayfield.
5:25 of 1st period - Shot by Dustin Brown.
5:25 of 1st period - Shot Misses the Net.
6:42 of 1st period - Shot by Nikita Kucherov.
6:42 of 1st period - Stopped by Philipp Grubauer without a rebound.
6:43 of 1st period - Nathan MacKinnon wins face-off versus Nikolaj Ehlers in Avalanche zone.
6:50 of 1st period - Shot by Nathan MacKinnon.
6:50 of 1st period - Deflect By Mikko Rantanen.
6:50 of 1st period - Stopped by Andrei Vasilevskiy with a rebound.
7:22 of 1st period - Shot by Rickard Rakell.
7:22 of 1st period - Shot Misses the Net.
8:21 of 1st period - Icing by Aleksander Barkov.
8:22 of 1st period - Aleksander Barkov wins face-off versus Sebastian Aho in Islanders zone.
8:29 of 1st period - Shot by Aleksander Barkov.
8:29 of 1st period - Shot Misses the Net.
8:43 of 1st period - Shot by Sebastian Aho.
8:43 of 1st period - Stopped by Andrei Vasilevskiy without a rebound.
8:44 of 1st period - Rickard Rakell wins face-off versus Nathan MacKinnon in Islanders zone.
9:23 of 1st period - Shot by Mikko Rantanen.
9:23 of 1st period - Deflect By Nathan MacKinnon.
9:23 of 1st period - Shot Misses the Net.
9:46 of 1st period - Shot by Alexander Radulov.
9:46 of 1st period - Shot Misses the Net.
9:54 of 1st period - Shot by Roope Hintz.
9:54 of 1st period - Stopped by Andrei Vasilevskiy with a rebound.
9:58 of 1st period - Shot by Dustin Brown.
9:58 of 1st period - Shot Misses the Net.
10:29 of 1st period - Evgenii Dadonov is hit by Matthew Tkachuk and loses puck.
10:44 of 1st period - Shot by Tyler Bozak.
10:44 of 1st period - Deflect By Patrick Kane.
10:44 of 1st period - Stopped by Philipp Grubauer with a rebound.
10:54 of 1st period - Shot by Evgenii Dadonov.
10:54 of 1st period - Stopped by Andrei Vasilevskiy without a rebound.
10:55 of 1st period - Nathan MacKinnon wins face-off versus Aleksander Barkov in Islanders zone.
11:00 of 1st period - Shot by Zach Parise.
11:00 of 1st period - Stopped by Andrei Vasilevskiy with a rebound.
11:02 of 1st period - Shot by Mikko Rantanen.
11:02 of 1st period - Stopped by Andrei Vasilevskiy without a rebound.
11:03 of 1st period - Aleksander Barkov wins face-off versus Derek Grant in Islanders zone.
11:03 of 1st period - Nikita Kucherov is hit by Alexander Radulov and loses puck.
11:07 of 1st period - Icing by Jay Bouwmeester.
11:08 of 1st period - Nathan MacKinnon wins face-off versus Aleksander Barkov in Islanders zone.
11:11 of 1st period - Shot by Zach Parise.
11:11 of 1st period - Shot Misses the Net.
11:16 of 1st period - Icing by Jay Bouwmeester.
11:17 of 1st period - Aleksander Barkov wins face-off versus Roope Hintz in Islanders zone.
11:26 of 1st period - Shot by Nikita Kucherov.
11:26 of 1st period - Shot Misses the Net.
11:28 of 1st period - Shot by Scott Mayfield.
11:28 of 1st period - Shot Misses the Net.
11:30 of 1st period - Shot by Scott Mayfield.
11:30 of 1st period - Goal by Scott Mayfield - Islanders : 2 - Avalanche : 0.
11:31 of 1st period - Cam Atkinson wins face-off versus Tyler Bozak in neutral zone.
11:33 of 1st period - Vladislav Gavrikov is hit by Charlie McAvoy.
11:43 of 1st period - Shot by Cam Atkinson.
11:43 of 1st period - Stopped by Andrei Vasilevskiy without a rebound.
11:44 of 1st period - Derek Grant wins face-off versus Aleksander Barkov in Islanders zone.
11:59 of 1st period - Shot by Alex Iafallo.
11:59 of 1st period - Shot Blocked by Scott Mayfield.
12:01 of 1st period - Shot by Alexander Radulov.
12:01 of 1st period - Stopped by Andrei Vasilevskiy without a rebound.
12:02 of 1st period - Tyler Bozak wins face-off versus Nathan MacKinnon in Islanders zone.
12:13 of 1st period - Shot by Matthew Tkachuk.
12:13 of 1st period - Shot Hit the Post.
12:15 of 1st period - Shot by Matthew Tkachuk.
12:15 of 1st period - Goal by Matthew Tkachuk - Islanders : 3 - Avalanche : 0.
12:16 of 1st period - Aleksander Barkov wins face-off versus Roope Hintz in neutral zone.
12:24 of 1st period - Icing by Oscar Klefbom.
12:25 of 1st period - Roope Hintz wins face-off versus Tyler Bozak in Avalanche zone.
12:34 of 1st period - Shot by Alexander Radulov.
12:34 of 1st period - Stopped by Andrei Vasilevskiy with a rebound.
12:36 of 1st period - Shot by Dustin Brown.
12:36 of 1st period - Stopped by Andrei Vasilevskiy with a rebound.
12:37 of 1st period - Minor Penalty to Charlie McAvoy for Hooking.
12:38 of 1st period - Nathan MacKinnon wins face-off versus Rickard Rakell in Islanders zone.
13:23 of 1st period - Icing by Erik Karlsson.
13:24 of 1st period - Pavel Zacha wins face-off versus Nathan MacKinnon in Avalanche zone.
13:43 of 1st period - Shot by Evgenii Dadonov.
13:43 of 1st period - Shot Blocked by Ryan Pulock.
13:45 of 1st period - Shot by Cam Atkinson.
13:45 of 1st period - Shot Misses the Net.
14:11 of 1st period - Shot by Alexander Radulov.
14:11 of 1st period - Stopped by Andrei Vasilevskiy without a rebound.
14:12 of 1st period - Rickard Rakell wins face-off versus Nathan MacKinnon in Islanders zone.
14:25 of 1st period - Shot by Zach Parise.
14:25 of 1st period - Shot Misses the Net.
14:27 of 1st period - Shot by Zach Parise.
14:27 of 1st period - Shot Blocked by Jay Bouwmeester.
14:29 of 1st period - Shot by Zach Parise.
14:29 of 1st period - Stopped by Andrei Vasilevskiy without a rebound.
14:30 of 1st period - Pavel Zacha wins face-off versus Roope Hintz in Islanders zone.
14:30 of 1st period - Pavel Zacha is hit by Cam Atkinson.
14:56 of 1st period - Shot by Aleksander Barkov.
14:56 of 1st period - Stopped by Philipp Grubauer with a rebound.
14:58 of 1st period - Shot by Travis Konecny.
14:58 of 1st period - Shot Blocked by Vladislav Gavrikov.
15:04 of 1st period - Shot by Aleksander Barkov.
15:04 of 1st period - Shot Misses the Net.
15:12 of 1st period - Jordie Benn is hit by Alexander Radulov and loses puck.
15:29 of 1st period - Jay Bouwmeester is hit by Alex Iafallo and loses puck.
15:35 of 1st period - Icing by Matthew Tkachuk.
15:36 of 1st period - Sebastian Aho wins face-off versus Tyler Bozak in Islanders zone.
15:41 of 1st period - Shot by Cam Atkinson.
15:41 of 1st period - Shot Blocked by Jay Bouwmeester.
15:59 of 1st period - Shot by Sebastian Aho.
15:59 of 1st period - Stopped by Andrei Vasilevskiy without a rebound.
16:00 of 1st period - Zach Parise wins face-off versus Rickard Rakell in Islanders zone.
16:10 of 1st period - Icing by Kyle Connor.
16:11 of 1st period - Sebastian Aho wins face-off versus Rickard Rakell in Islanders zone.
16:16 of 1st period - Shot by Evgenii Dadonov.
16:16 of 1st period - Stopped by Andrei Vasilevskiy without a rebound.
16:17 of 1st period - Tyler Bozak wins face-off versus Nathan MacKinnon in Islanders zone.
16:38 of 1st period - Shot by Patrick Kane.
16:38 of 1st period - Stopped by Philipp Grubauer without a rebound.
16:39 of 1st period - Aleksander Barkov wins face-off versus Sebastian Aho in Avalanche zone.
17:06 of 1st period - Sebastian Aho is hit by Scott Mayfield and loses puck.
17:14 of 1st period - Cam Atkinson is hit by Scott Mayfield and loses puck.
17:41 of 1st period - Icing by Jay Bouwmeester.
17:42 of 1st period - Nathan MacKinnon wins face-off versus Aleksander Barkov in Islanders zone.
18:12 of 1st period - Shot by Nathan MacKinnon.
18:12 of 1st period - Stopped by Andrei Vasilevskiy with a rebound.
18:17 of 1st period - Icing by Jay Bouwmeester.
18:18 of 1st period - Aleksander Barkov wins face-off versus Roope Hintz in Islanders zone.
18:39 of 1st period - Rickard Rakell is hit by Dustin Brown and loses puck.
18:50 of 1st period - Shot by Dustin Brown.
18:50 of 1st period - Shot Misses the Net.
18:54 of 1st period - Shot by Roope Hintz.
18:54 of 1st period - Deflect By Dustin Brown.
18:54 of 1st period - Stopped by Andrei Vasilevskiy without a rebound.
18:55 of 1st period - Tyler Bozak wins face-off versus Sebastian Aho in Islanders zone.
19:04 of 1st period - Shot by Matthew Tkachuk.
19:04 of 1st period - Stopped by Philipp Grubauer without a rebound.
19:05 of 1st period - Pavel Zacha wins face-off versus Nathan MacKinnon in Avalanche zone.
19:16 of 1st period - Shot by Nathan MacKinnon.
19:16 of 1st period - Stopped by Andrei Vasilevskiy with a rebound.
19:18 of 1st period - Shot by Zach Parise.
19:18 of 1st period - Stopped by Andrei Vasilevskiy without a rebound.
19:19 of 1st period - Tyler Bozak wins face-off versus Sebastian Aho in Islanders zone.
19:50 of 1st period - Shot by Cam Atkinson.
19:50 of 1st period - Shot Blocked by Charlie McAvoy.
Goals for this period are 3 for Islanders vs 0 for Avalanche.
Shots for this period are 11 for Islanders vs 26 for Avalanche.

2nd period


0:01 of 2nd period - Rickard Rakell wins face-off versus Roope Hintz in neutral zone.
0:14 of 2nd period - Shot by Kyle Connor.
0:14 of 2nd period - Stopped by Philipp Grubauer without a rebound.
0:15 of 2nd period - Tyler Bozak wins face-off versus Nathan MacKinnon in Avalanche zone.
0:30 of 2nd period - Shot by Tyler Bozak.
0:30 of 2nd period - Shot Blocked by Oscar Klefbom.
0:42 of 2nd period - Shot by Jay Bouwmeester.
0:42 of 2nd period - Stopped by Philipp Grubauer without a rebound.
0:43 of 2nd period - Roope Hintz wins face-off versus Rickard Rakell in Avalanche zone.
0:43 of 2nd period - Roope Hintz is hit by Nikolaj Ehlers.
1:18 of 2nd period - Shot by Alexander Radulov.
1:18 of 2nd period - Shot Misses the Net.
1:20 of 2nd period - Shot by Alexander Radulov.
1:20 of 2nd period - Stopped by Andrei Vasilevskiy without a rebound.
1:21 of 2nd period - Nathan MacKinnon wins face-off versus Tyler Bozak in Islanders zone.
1:31 of 2nd period - Off-side.
1:32 of 2nd period - Aleksander Barkov wins face-off versus Evgenii Dadonov in neutral zone.
2:12 of 2nd period - Shot by Travis Konecny.
2:12 of 2nd period - Stopped by Philipp Grubauer without a rebound.
2:13 of 2nd period - Rickard Rakell wins face-off versus Nathan MacKinnon in Avalanche zone.
2:41 of 2nd period - Mikko Rantanen is hit by Charlie McAvoy and loses puck.
3:33 of 2nd period - Tyler Bozak is hit by Jason Demers and loses puck.
3:43 of 2nd period - Matthew Tkachuk is hit by Jason Demers and loses puck.
4:06 of 2nd period - Shot by Nikita Kucherov.
4:06 of 2nd period - Shot Misses the Net.
4:14 of 2nd period - Shot by Nikita Kucherov.
4:14 of 2nd period - Shot Misses the Net.
4:22 of 2nd period - Shot by Aleksander Barkov.
4:22 of 2nd period - Stopped by Philipp Grubauer without a rebound.
4:23 of 2nd period - Sebastian Aho wins face-off versus Pavel Zacha in Avalanche zone.
4:36 of 2nd period - Shot by Oscar Klefbom.
4:36 of 2nd period - Shot Blocked by Ryan Pulock.
4:45 of 2nd period - Icing by Charlie McAvoy.
4:46 of 2nd period - Pavel Zacha wins face-off versus Nathan MacKinnon in Islanders zone.
4:46 of 2nd period - Pavel Zacha is hit by Mikko Rantanen.
5:15 of 2nd period - Shot by Mikko Rantanen.
5:15 of 2nd period - Goal by Mikko Rantanen - Islanders : 3 - Avalanche : 1.
5:16 of 2nd period - Sebastian Aho wins face-off versus Rickard Rakell in neutral zone.
5:51 of 2nd period - Shot by Evgenii Dadonov.
5:51 of 2nd period - Deflect By Cam Atkinson.
5:51 of 2nd period - Stopped by Andrei Vasilevskiy without a rebound.
5:52 of 2nd period - Tyler Bozak wins face-off versus Zach Parise in Islanders zone.
6:09 of 2nd period - Shot by Patrick Kane.
6:09 of 2nd period - Stopped by Philipp Grubauer with a rebound.
6:30 of 2nd period - Shot by Nathan MacKinnon.
6:30 of 2nd period - Stopped by Andrei Vasilevskiy without a rebound.
6:31 of 2nd period - Aleksander Barkov wins face-off versus Alex Iafallo in Islanders zone.
6:53 of 2nd period - Shot by Nikita Kucherov.
6:53 of 2nd period - Stopped by Philipp Grubauer without a rebound.
6:54 of 2nd period - Rickard Rakell wins face-off versus Sebastian Aho in Avalanche zone.
6:55 of 2nd period - Shot by Kyle Connor.
6:55 of 2nd period - Stopped by Philipp Grubauer with a rebound.
7:33 of 2nd period - Shot by Nikolaj Ehlers.
7:33 of 2nd period - Shot Misses the Net.
7:35 of 2nd period - Shot by Kyle Connor.
7:35 of 2nd period - Shot Misses the Net.
7:55 of 2nd period - Shot by Matthew Tkachuk.
7:55 of 2nd period - Shot Misses the Net.
7:57 of 2nd period - Shot by Charlie McAvoy.
7:57 of 2nd period - Stopped by Philipp Grubauer without a rebound.
7:58 of 2nd period - Derek Grant wins face-off versus Aleksander Barkov in Avalanche zone.
8:09 of 2nd period - Shot by Alexander Radulov.
8:09 of 2nd period - Shot Misses the Net.
8:17 of 2nd period - Shot by Alex Iafallo.
8:17 of 2nd period - Stopped by Andrei Vasilevskiy without a rebound.
8:18 of 2nd period - Nathan MacKinnon wins face-off versus Tyler Bozak in Islanders zone.
8:25 of 2nd period - Ryan Pulock is hit by Zach Parise and loses puck.
8:32 of 2nd period - Andy Greene is hit by Matthew Tkachuk and loses puck.
8:37 of 2nd period - Shot by Matthew Tkachuk.
8:37 of 2nd period - Goal by Matthew Tkachuk - Islanders : 4 - Avalanche : 1.
8:38 of 2nd period - Aleksander Barkov wins face-off versus Roope Hintz in neutral zone.
8:41 of 2nd period - Jacob Trouba is hit by Nikita Kucherov and loses puck.
8:54 of 2nd period - Shot by Aleksander Barkov.
8:54 of 2nd period - Deflect By Nikita Kucherov.
8:54 of 2nd period - Stopped by Philipp Grubauer without a rebound.
8:55 of 2nd period - Rickard Rakell wins face-off versus Nathan MacKinnon in Avalanche zone.
8:58 of 2nd period - Shot by Rickard Rakell.
8:58 of 2nd period - Stopped by Philipp Grubauer without a rebound.
8:59 of 2nd period - Roope Hintz wins face-off versus Kyle Connor in Avalanche zone.
9:22 of 2nd period - Minor Penalty to Jacob Trouba for Interference.
9:23 of 2nd period - Aleksander Barkov wins face-off versus Derek Grant in Avalanche zone.
9:32 of 2nd period - Shot by Charlie McAvoy.
9:32 of 2nd period - Shot Misses the Net.
10:00 of 2nd period - Shot by Travis Konecny.
10:00 of 2nd period - Stopped by Philipp Grubauer with a rebound.
10:26 of 2nd period - Shot by Matthew Tkachuk.
10:26 of 2nd period - Shot Misses the Net.
10:28 of 2nd period - Shot by Tyler Bozak.
10:28 of 2nd period - Stopped by Philipp Grubauer without a rebound.
10:29 of 2nd period - Tyler Bozak wins face-off versus Pierre-Edouard Bellemare in Avalanche zone.
10:48 of 2nd period - Shot by Ryan Pulock.
10:48 of 2nd period - Stopped by Philipp Grubauer without a rebound.
10:49 of 2nd period - Aleksander Barkov wins face-off versus Derek Grant in Avalanche zone.
11:00 of 2nd period - Shot by Nikita Kucherov.
11:00 of 2nd period - Shot Misses the Net.
11:41 of 2nd period - Nikita Gusev is hit by Jacob Trouba and loses puck.
11:54 of 2nd period - Shot by Mikko Rantanen.
11:54 of 2nd period - Stopped by Andrei Vasilevskiy without a rebound.
11:55 of 2nd period - Sebastian Aho wins face-off versus Tyler Bozak in Islanders zone.
12:11 of 2nd period - Shot by Sebastian Aho.
12:11 of 2nd period - Stopped by Andrei Vasilevskiy without a rebound.
12:12 of 2nd period - Derek Grant wins face-off versus Nikolaj Ehlers in Islanders zone.
12:45 of 2nd period - Shot by Nikolaj Ehlers.
12:45 of 2nd period - Stopped by Philipp Grubauer without a rebound.
12:46 of 2nd period - Sebastian Aho wins face-off versus Aleksander Barkov in Avalanche zone.
12:46 of 2nd period - Erik Karlsson is hit by Scott Mayfield and loses puck.
13:46 of 2nd period - Nathan MacKinnon is hit by Scott Mayfield and loses puck.
13:51 of 2nd period - Shot by Mikko Rantanen.
13:51 of 2nd period - Stopped by Andrei Vasilevskiy with a rebound.
13:53 of 2nd period - Shot by Zach Parise.
13:53 of 2nd period - Shot Misses the Net.
13:55 of 2nd period - Shot by Oscar Klefbom.
13:55 of 2nd period - Stopped by Andrei Vasilevskiy without a rebound.
13:56 of 2nd period - Roope Hintz wins face-off versus Tyler Bozak in Islanders zone.
14:12 of 2nd period - Dustin Brown is hit by Charlie McAvoy and loses puck.
15:16 of 2nd period - Shot by Kyle Connor.
15:16 of 2nd period - Shot Misses the Net.
15:18 of 2nd period - Shot by Nikolaj Ehlers.
15:18 of 2nd period - Stopped by Philipp Grubauer without a rebound.
15:19 of 2nd period - Nathan MacKinnon wins face-off versus Pavel Zacha in Avalanche zone.
15:36 of 2nd period - Shot by Conor Garland.
15:36 of 2nd period - Deflect By Nikita Gusev.
15:36 of 2nd period - Stopped by Philipp Grubauer with a rebound.
16:34 of 2nd period - Icing by Jay Bouwmeester.
16:35 of 2nd period - Derek Grant wins face-off versus Pavel Zacha in Islanders zone.
16:43 of 2nd period - Alex Iafallo is hit by Scott Mayfield.
17:13 of 2nd period - Off-side.
17:14 of 2nd period - Sebastian Aho wins face-off versus Aleksander Barkov in neutral zone.
17:27 of 2nd period - Shot by Evgenii Dadonov.
17:27 of 2nd period - Stopped by Andrei Vasilevskiy without a rebound.
17:28 of 2nd period - Tyler Bozak wins face-off versus Nathan MacKinnon in Islanders zone.
17:53 of 2nd period - Shot by Matthew Tkachuk.
17:53 of 2nd period - Shot Misses the Net.
17:55 of 2nd period - Shot by Mike Matheson.
17:55 of 2nd period - Shot Misses the Net.
18:07 of 2nd period - Shot by Matthew Tkachuk.
18:07 of 2nd period - Shot Misses the Net.
18:43 of 2nd period - Shot by Travis Konecny.
18:43 of 2nd period - Stopped by Philipp Grubauer without a rebound.
18:44 of 2nd period - Roope Hintz wins face-off versus Rickard Rakell in Avalanche zone.
18:46 of 2nd period - Icing by Oscar Klefbom.
18:47 of 2nd period - Roope Hintz wins face-off versus Rickard Rakell in Avalanche zone.
19:21 of 2nd period - Shot by Alexander Radulov.
19:21 of 2nd period - Shot Misses the Net.
Goals for this period are 1 for Islanders vs 1 for Avalanche.
Shots for this period are 18 for Islanders vs 10 for Avalanche.

3rd period


0:01 of 3rd period - Tyler Bozak wins face-off versus Derek Grant in neutral zone.
0:08 of 3rd period - Shot by Matthew Tkachuk.
0:08 of 3rd period - Shot Misses the Net.
1:09 of 3rd period - Nathan MacKinnon is hit by Travis Konecny and loses puck.
1:22 of 3rd period - Shot by Travis Konecny.
1:22 of 3rd period - Shot Misses the Net.
1:35 of 3rd period - Icing by Andy Greene.
1:36 of 3rd period - Rickard Rakell wins face-off versus Nathan MacKinnon in Avalanche zone.
1:37 of 3rd period - Shot by Nikolaj Ehlers.
1:37 of 3rd period - Shot Misses the Net.
1:45 of 3rd period - Shot by Rickard Rakell.
1:45 of 3rd period - Stopped by Philipp Grubauer without a rebound.
1:46 of 3rd period - Cam Atkinson wins face-off versus Pavel Zacha in Avalanche zone.
1:56 of 3rd period - Off-side.
1:57 of 3rd period - Aleksander Barkov wins face-off versus Roope Hintz in neutral zone.
2:04 of 3rd period - Shot by Nikita Kucherov.
2:04 of 3rd period - Stopped by Philipp Grubauer without a rebound.
2:05 of 3rd period - Sebastian Aho wins face-off versus Aleksander Barkov in Avalanche zone.
2:07 of 3rd period - Icing by Evgenii Dadonov.
2:08 of 3rd period - Aleksander Barkov wins face-off versus Sebastian Aho in Avalanche zone.
2:17 of 3rd period - Shot by Nikita Kucherov.
2:17 of 3rd period - Stopped by Philipp Grubauer without a rebound.
2:18 of 3rd period - Roope Hintz wins face-off versus Patrick Kane in Avalanche zone.
2:20 of 3rd period - Dustin Brown is hit by Tyler Bozak.
2:29 of 3rd period - Tyler Bozak is hit by Roope Hintz and loses puck.
2:42 of 3rd period - Shot by Roope Hintz.
2:42 of 3rd period - Shot Misses the Net.
2:46 of 3rd period - Shot by Alexander Radulov.
2:46 of 3rd period - Stopped by Andrei Vasilevskiy without a rebound.
2:47 of 3rd period - Sebastian Aho wins face-off versus Travis Konecny in Islanders zone.
3:02 of 3rd period - Cam Atkinson is hit by Nikita Kucherov and loses puck.
3:15 of 3rd period - Shot by Sebastian Aho.
3:15 of 3rd period - Deflect By Evgenii Dadonov.
3:15 of 3rd period - Stopped by Andrei Vasilevskiy without a rebound.
3:16 of 3rd period - Nathan MacKinnon wins face-off versus Rickard Rakell in Islanders zone.
3:16 of 3rd period - Mikko Rantanen is hit by Charlie McAvoy and loses puck.
3:30 of 3rd period - Shot by Zach Parise.
3:30 of 3rd period - Shot Misses the Net.
3:37 of 3rd period - Jacob Trouba is hit by Ryan Pulock and loses puck.
3:45 of 3rd period - Minor Penalty to Charlie McAvoy for Hooking.
3:46 of 3rd period - Roope Hintz wins face-off versus Pavel Zacha in Islanders zone.
3:57 of 3rd period - Shot by Roope Hintz.
3:57 of 3rd period - Deflect By Evgenii Dadonov.
3:57 of 3rd period - Stopped by Andrei Vasilevskiy without a rebound.
3:58 of 3rd period - Nathan MacKinnon wins face-off versus Rickard Rakell in Islanders zone.
3:59 of 3rd period - Shot by Oscar Klefbom.
3:59 of 3rd period - Shot Misses the Net.
4:01 of 3rd period - Shot by Oscar Klefbom.
4:01 of 3rd period - Stopped by Andrei Vasilevskiy without a rebound.
4:02 of 3rd period - Pavel Zacha wins face-off versus Mikko Rantanen in Islanders zone.
4:19 of 3rd period - Shot by Nathan MacKinnon.
4:19 of 3rd period - Shot Misses the Net.
4:21 of 3rd period - Shot by Sebastian Aho.
4:21 of 3rd period - Deflect By Mikko Rantanen.
4:21 of 3rd period - Shot Misses the Net.
4:23 of 3rd period - Shot by Oscar Klefbom.
4:23 of 3rd period - Stopped by Andrei Vasilevskiy without a rebound.
4:24 of 3rd period - Roope Hintz wins face-off versus Pavel Zacha in Islanders zone.
4:27 of 3rd period - Shot by Evgenii Dadonov.
4:27 of 3rd period - Shot Misses the Net.
4:29 of 3rd period - Shot by Cam Atkinson.
4:29 of 3rd period - Stopped by Andrei Vasilevskiy without a rebound.
4:30 of 3rd period - Pavel Zacha wins face-off versus Nathan MacKinnon in Islanders zone.
4:57 of 3rd period - Shot by Sebastian Aho.
4:57 of 3rd period - Shot Misses the Net.
4:59 of 3rd period - Shot by Zach Parise.
4:59 of 3rd period - Stopped by Andrei Vasilevskiy without a rebound.
5:00 of 3rd period - Roope Hintz wins face-off versus Rickard Rakell in Islanders zone.
5:01 of 3rd period - Shot by Evgenii Dadonov.
5:01 of 3rd period - Shot Misses the Net.
5:19 of 3rd period - Shot by Cam Atkinson.
5:19 of 3rd period - Shot Misses the Net.
5:55 of 3rd period - Shot by Aleksander Barkov.
5:55 of 3rd period - Shot Misses the Net.
5:57 of 3rd period - Shot by Jordie Benn.
5:57 of 3rd period - Stopped by Philipp Grubauer without a rebound.
5:58 of 3rd period - Tyler Bozak wins face-off versus Nathan MacKinnon in Avalanche zone.
6:08 of 3rd period - Patrick Kane is hit by Erik Karlsson and loses puck.
6:15 of 3rd period - Tyler Bozak is hit by Mikko Rantanen.
6:25 of 3rd period - Shot by Patrick Kane.
6:25 of 3rd period - Deflect By Matthew Tkachuk.
6:25 of 3rd period - Shot Blocked by Andy Greene.
6:30 of 3rd period - Off-side.
6:31 of 3rd period - Derek Grant wins face-off versus Travis Konecny in neutral zone.
6:48 of 3rd period - Shot by Derek Grant.
6:48 of 3rd period - Shot Blocked by Scott Mayfield.
6:52 of 3rd period - Shot by Alexander Radulov.
6:52 of 3rd period - Stopped by Andrei Vasilevskiy with a rebound.
6:54 of 3rd period - Shot by Jason Demers.
6:54 of 3rd period - Shot Misses the Net.
8:07 of 3rd period - Shot by Mikko Rantanen.
8:07 of 3rd period - Goal by Mikko Rantanen - Islanders : 4 - Avalanche : 2.
8:08 of 3rd period - Tyler Bozak wins face-off versus Nathan MacKinnon in neutral zone.
8:44 of 3rd period - Shot by Patrick Kane.
8:44 of 3rd period - Goal by Patrick Kane - Islanders : 5 - Avalanche : 2.
8:45 of 3rd period - Roope Hintz wins face-off versus Aleksander Barkov in neutral zone.
8:53 of 3rd period - Shot by Jason Demers.
8:53 of 3rd period - Shot Misses the Net.
8:55 of 3rd period - Shot by Vladislav Gavrikov.
8:55 of 3rd period - Stopped by Andrei Vasilevskiy without a rebound.
8:56 of 3rd period - Rickard Rakell wins face-off versus Sebastian Aho in Islanders zone.
9:05 of 3rd period - Shot by Kyle Connor.
9:05 of 3rd period - Shot Misses the Net.
9:30 of 3rd period - Icing by Jacob Trouba.
9:31 of 3rd period - Aleksander Barkov wins face-off versus Sebastian Aho in Avalanche zone.
9:39 of 3rd period - Aleksander Barkov is hit by Jacob Trouba and loses puck.
10:51 of 3rd period - Alexander Radulov is hit by Charlie McAvoy and loses puck.
11:00 of 3rd period - Jason Demers is hit by Patrick Kane and loses puck.
11:08 of 3rd period - Dustin Brown is hit by Charlie McAvoy and loses puck.
11:14 of 3rd period - Minor Penalty to Ryan Pulock for High sticking.
11:15 of 3rd period - Nathan MacKinnon wins face-off versus Rickard Rakell in Islanders zone.
13:36 of 3rd period - Icing by Jordie Benn.
13:37 of 3rd period - Tyler Bozak wins face-off versus Sebastian Aho in Islanders zone.
13:50 of 3rd period - Shot by Matthew Tkachuk.
13:50 of 3rd period - Deflect By Tyler Bozak.
13:50 of 3rd period - Shot Misses the Net.
13:56 of 3rd period - Shot by Sebastian Aho.
13:56 of 3rd period - Deflect By Cam Atkinson.
13:56 of 3rd period - Stopped by Andrei Vasilevskiy without a rebound.
13:57 of 3rd period - Aleksander Barkov wins face-off versus Alexander Radulov in Islanders zone.
15:38 of 3rd period - Shot by Patrick Kane.
15:38 of 3rd period - Stopped by Philipp Grubauer without a rebound.
15:39 of 3rd period - Tyler Bozak wins face-off versus Sebastian Aho in Avalanche zone.
15:45 of 3rd period - Icing by Oscar Klefbom.
15:46 of 3rd period - Sebastian Aho wins face-off versus Tyler Bozak in Avalanche zone.
15:53 of 3rd period - Shot by Cam Atkinson.
15:53 of 3rd period - Goal by Cam Atkinson - Islanders : 5 - Avalanche : 3.
15:54 of 3rd period - Aleksander Barkov wins face-off versus Nathan MacKinnon in neutral zone.
15:59 of 3rd period - Shot by Nikita Kucherov.
15:59 of 3rd period - Stopped by Philipp Grubauer without a rebound.
16:00 of 3rd period - Nathan MacKinnon wins face-off versus Tyler Bozak in Avalanche zone.
16:25 of 3rd period - Shot by Mikko Rantanen.
16:25 of 3rd period - Stopped by Andrei Vasilevskiy without a rebound.
16:26 of 3rd period - Rickard Rakell wins face-off versus Sebastian Aho in Islanders zone.
16:26 of 3rd period - Rickard Rakell is hit by Sebastian Aho.
16:31 of 3rd period - Kyle Connor is hit by Evgenii Dadonov and loses puck.
16:44 of 3rd period - Shot by Rickard Rakell.
16:44 of 3rd period - Stopped by Philipp Grubauer without a rebound.
16:45 of 3rd period - Aleksander Barkov wins face-off versus Nathan MacKinnon in Avalanche zone.
16:48 of 3rd period - Shot by Travis Konecny.
16:48 of 3rd period - The goal is going for a video replay.
16:48 of 3rd period - The goal is refused.
16:49 of 3rd period - Roope Hintz wins face-off versus Aleksander Barkov in Avalanche zone.
16:49 of 3rd period - Erik Karlsson is hit by Nikita Kucherov and loses puck.
16:58 of 3rd period - Jay Bouwmeester is hit by Dustin Brown and loses puck.
17:49 of 3rd period - Shot by Rickard Rakell.
17:49 of 3rd period - Shot Misses the Net.
17:55 of 3rd period - Shot by Kyle Connor.
17:55 of 3rd period - Goal by Kyle Connor - Islanders : 6 - Avalanche : 3.
17:56 of 3rd period - Sebastian Aho wins face-off versus Tyler Bozak in neutral zone.
18:10 of 3rd period - Evgenii Dadonov is hit by Jordie Benn and loses puck.
18:24 of 3rd period - Off-side.
18:25 of 3rd period - Nathan MacKinnon wins face-off versus Nikolaj Ehlers in neutral zone.
18:58 of 3rd period - Shot by Kyle Connor.
18:58 of 3rd period - Shot Blocked by Oscar Klefbom.
19:21 of 3rd period - Shot by Roope Hintz.
19:21 of 3rd period - Stopped by Andrei Vasilevskiy without a rebound.
19:22 of 3rd period - Aleksander Barkov wins face-off versus Sebastian Aho in Islanders zone.
19:42 of 3rd period - Cam Atkinson is hit by Scott Mayfield and loses puck.
19:58 of 3rd period - Nikita Kucherov is hit by Jason Demers and loses puck.
Goals for this period are 2 for Islanders vs 2 for Avalanche.
Shots for this period are 10 for Islanders vs 14 for Avalanche.